Map: Polka LE

Players

KidBellew

  • Race: Zerg Zerg
  • Spawn Location: 11:00

Lunatic

  • Race: Terran Terran
  • Spawn Location: 11:00

Massa - Winner!

  • Race: Terran Terran
  • League: Platinum
  • Spawn Location: 5:00

qqq - Winner!

  • Race: Zerg Zerg
  • League: Platinum
  • Spawn Location: 5:00

VOD

Have the link to the VOD?

Description

Time

  • Played on: Dec. 12, 2020, 5:46 a.m.
  • Length: 4:27
Show
View Real Time Build Order
Export as new Build Order

KidBellew Zerg 

Build Orders: Pool First 

Get SALT Encoding   

  12  0:00  Drone  
  13  0:12  Drone  
  14  0:17  Overlord  
  14  0:24  Extractor  
  14  0:25  Drone  
  14  0:37  Drone x2  
  16  0:46  Drone  
  17  0:55  Spawning Pool  
  16  0:58  Drone  
  17  1:08  Drone  
  18  1:27  Hatchery  
  18  1:29  Drone  
  18  1:35  Drone  
  19  1:42  Zergling x2  
  19  1:44  Metabolic Boost  
  20  1:51  Drone  
  21  2:00  Overlord  
  21  2:16  Extractor, Queen  
  21  2:20  Drone  
  23  2:25  Drone  
  24  2:33  Drone  
  25  2:42  Queen, Zergling x2  
  28  2:45  Zergling x2  
  29  3:08  Lair  
  29  3:14  Drone x2  
  29  3:15  Drone  
  29  3:16  Drone x3  
  35  3:26  Zergling x2  
  36  3:27  Overlord  
  36  3:36  Roach Warren  
  35  3:45  Queen  
Show
View Real Time Build Order
Export as new Build Order

Lunatic Terran 

Build Orders: 2 Factory, Reaper Expand 

Get SALT Encoding   

  12  0:00  SCV  
  13  0:12  SCV  
  14  0:18  Supply Depot  
  14  0:24  SCV  
  15  0:39  SCV  
  15  0:41  Barracks  
  16  0:47  Refinery  
  16  0:51  SCV  
  17  1:04  SCV  
  18  1:16  SCV  
  19  1:29  Orbital Command  
  19  1:30  Reaper  
  20  1:43  Command Center  
  20  1:54  SCV  
  21  2:07  Supply Depot  
  21  2:12  SCV  
  21  2:14  Marine  
  23  2:25  Factory  
  23  2:26  Refinery  
  23  2:28  SCV  
  24  2:32  Marine  
  24  2:35  Bunker  
  25  2:42  SCV  
  26  2:53  Factory  
  26  2:54  SCV  
  26  2:57  Orbital Command  
  27  3:01  Marine  
  28  3:06  SCV  
  29  3:18  SCV  
  29  3:26  Marine  
  30  3:28  Hellion  
  30  3:30  SCV  
  30  3:31  Starport  
  33  3:37  Factory Tech Lab  
  33  3:38  Factory  
  33  3:42  SCV  
  33  3:43  Marine  
  33  3:44  SCV  
  36  3:52  Factory Tech Lab  
  36  3:54  SCV  
  37  3:59  SCV  
  37  4:01  Refinery  
  37  4:02  Refinery  
  38  4:06  SCV  
  38  4:08  Starport, Starport Tech Lab  
  38  4:09  Fusion Core  
  39  4:11  SCV  
  40  4:17  Factory  
  40  4:22  Armory, Engineering Bay  
Show
View Real Time Build Order
Export as new Build Order

Massa Terran - Winner!

Build Orders:  

Get SALT Encoding   

  12  0:00  SCV  
  13  0:12  SCV  
  14  0:24  Supply Depot  
  14  0:25  SCV  
  15  0:36  Refinery  
  15  0:45  SCV  
  15  0:47  Barracks  
  16  1:00  SCV  
  17  1:12  SCV  
  18  1:24  SCV  
  19  1:35  Marine  
  20  1:40  Factory  
  20  1:48  Orbital Command  
  20  1:57  Reaper  
  20  1:58  Supply Depot  
  21  2:17  SCV  
  22  2:30  Command Center  
  22  2:35  Barracks Tech Lab  
  23  2:37  SCV  
  23  2:45  Starport  
  23  2:46  Hellion  
  25  2:54  SCV  
  26  3:00  Marine  
  27  3:07  Hellion  
  29  3:28  Supply Depot  
  29  3:29  Hellion, Command Center  
  29  3:30  Engineering Bay  
  31  3:48  Orbital Command  
  31  3:50  Widow Mine  
  31  3:51  SCV  
  34  4:11  SCV  
  34  4:14  Missile Turret  
Show
View Real Time Build Order
Export as new Build Order

qqq Zerg - Winner!

Build Orders: Hatch First 

Get SALT Encoding   

  12  0:01  Drone  
  13  0:08  Drone  
  14  0:19  Overlord  
  14  0:46  Hatchery  
  13  0:50  Drone  
  13  0:51  Drone  
  13  0:55  Drone  
  16  1:05  Drone  
  17  1:25  Spawning Pool  
  16  1:27  Drone  
  16  1:28  Extractor, Drone  
  17  1:46  Overlord x2  
  17  2:00  Drone, Extractor  
  18  2:09  Extractor, Drone x2  
  18  2:11  Drone  
  18  2:15  Queen  
  20  2:16  Queen  
  20  2:21  Drone  
  26  2:22  Drone  
  26  2:28  Zergling x2  
  27  2:36  Drone  
  28  2:40  Zergling x2  
  28  2:42  Zergling x2  
  30  2:49  Zergling x2  
  31  2:52  Metabolic Boost  
  31  2:58  Zergling x2  
  32  3:13  Zergling x2  
  32  3:14  Zergling x2  
  32  3:15  Zergling x4  
  36  3:22  Zergling x2  
  36  3:24  Zergling x6  
  36  3:26  Zergling x2  
  41  3:35  Zergling x2  
  41  3:36  Zergling x4  
  41  3:40  Hatchery  
  43  3:44  Zergling x2  
  43  3:45  Overlord  
  44  3:49  Overlord  
  44  4:04  Zergling x2  
  44  4:05  Zergling x2  
Tags
 
Add a new tag
Caveats
  • Supply blocks, unpowered buildings, or Contaminate may cause inaccurate times.
  • Supply counts are checked every 10 seconds.